 Dungeon Crawl Stone Soup version 0.24.1 (webtiles) character file.

Game seed: 6200238284656707863, levelgen mode: deterministic

12498 Destapler the Cleaver (level 11, -13/109 HPs)
             Began as a Troll Berserker on Apr 5, 2020.
             Was a High Priest of Trog.
             Mangled by a komodo dragon (17 damage)
             ... on level 2 of the Lair of Beasts.
             The game lasted 00:26:27 (7557 turns).

Destapler the Cleaver (Troll Berserker)             Turns: 7557, Time: 00:26:29

Health: -13/109    AC: 16    Str: 30    XL:     11   Next: 63%
Magic:  4/13       EV:  8    Int:  5    God:    Trog [*****.]
Gold:   435        SH:  0    Dex:  9    Spells: 10/10 levels left

rFire    + + .     SeeInvis .   b - +2 scimitar (flame)
rCold    x . .     Gourm    +   (no shield)
rNeg     . . .     Faith    .   k - +3 fire dragon scales "Noniur" {+Blink rF++ rC- Int+2}
rPois    .         Spirit   .   (helmet restricted)
rElec    .         Reflect  .   D - +0 cloak
rCorr    .         Harm     .   (gloves unavailable)
MR       +++..     Rnd*Tele +   (boots unavailable)
Stlth    ..........             u - amulet of rage
HPRegen  1.68/turn              I - ring of teleportation (curse)
MPRegen  0.13/turn              B - ring of protection from magic

@: lethally poisoned (-13 -> -14), regenerating
A: large, unfitting armour, claws 3, fast metabolism 3, gourmand, regeneration
1, shaggy fur 1, tough skin 3
a: Berserk, Trog's Hand, Brothers in Arms, Renounce Religion, Evoke Blink, Evoke
Berserk Rage


You were on level 2 of the Lair of Beasts.
You worshipped Trog.
Trog was extremely pleased with you.
You were not hungry.

You visited 2 branches of the dungeon, and saw 12 of its levels.
You also visited: Volcano.

You collected 639 gold pieces.
You spent 204 gold pieces at shops.

Inventory:

Hand Weapons
 a - the +12 battleaxe "Pynidwyhu" {freeze, rElec rPois MP-9}
   (You found it on level 8 of the Dungeon)

   It has been specially enchanted to freeze those struck by it, causing extra
   injury to most foes and up to half again as much damage against particularly
   susceptible opponents.
   It can also slow down cold-blooded creatures.
   It insulates you from electricity.
   It protects you from poison.
   It affects your magic capacity (-9).
 b - a +2 scimitar of flaming (weapon)
Missiles
 l - 29 poisoned darts
 w - 4 datura-tipped darts
 A - 6 large rocks (quivered)
 F - a throwing net
 N - 2 boomerangs
Armour
 k - the +3 fire dragon scales "Noniur" (worn) {+Blink rF++ rC- Int+2}
   (You found it in a volcano)

   It affects your intelligence (+2).
   It greatly protects you from fire.
   It makes you vulnerable to cold.
   It lets you blink.
 D - a +0 cloak (worn)
 J - a +0 troll leather armour
Jewellery
 j - a +2 ring of strength
 t - an uncursed ring of fire
 u - an amulet of rage (around neck)
 y - an uncursed ring of positive energy
 B - a ring of protection from magic (right claw)
 H - a +2 ring of protection
 I - a cursed ring of teleportation (left claw)
 L - an uncursed amulet of regeneration
Wands
 d - a wand of digging (12)
 q - a wand of random effects (44)
Scrolls
 e - 18 scrolls of remove curse
 m - 3 scrolls of identify
 o - a scroll of holy word {unknown}
 p - 5 scrolls of teleportation
 r - 2 scrolls of fog
 x - 3 scrolls of magic mapping
 C - a scroll of acquirement {unknown}
 E - a scroll of noise {unknown}
 G - 3 scrolls of enchant weapon
Potions
 c - 2 potions of might
 f - 2 potions of resistance {unknown}
 h - 4 potions of haste
 i - 6 potions of curing
 n - 7 potions of flight
 s - 2 potions of heal wounds
 v - 2 potions of berserk rage
 z - a potion of magic
 K - 3 potions of invisibility
Comestibles
 g - 32 rations


   Skills:
 + Level 7.6 Fighting
 * Level 9.3 Axes
 - Level 8.0 Throwing
 - Level 2.4 Dodging
 - Level 7.5 Unarmed Combat
 + Level 4.3 Evocations


You had 10 spell levels left.
You didn't know any spells.
Your spell library contained the following spells:

 Spells                   Type           Power        Failure   Level  Hunger
 Shock                    Conj/Air       #...         80%         1    ##.....
 Swiftness                Chrm/Air       #.......     90%         2    ###....
 Static Discharge         Conj/Air       #.......     99%         3    ####...
 Airstrike                Air            #.........   100%        4    #####..
 Lightning Bolt           Conj/Air       #.........   100%        5    ######.


Dungeon Overview and Level Annotations

Branches:
Dungeon (10/15)            Temple (0/1) D:4            Lair (2/6) D:9
    Orc (0/2) D:9         Volcano (visited)
  Swamp: Lair:2-4    Shoals: Lair:2-4     Snake: Lair:2-4    Spider: Lair:2-4

Altars:
Cheibriados
Kikubaaqudgha
Vehumet
Xom

Shops:
D:4 !


Innate Abilities, Weirdness & Mutations

You are too large for most types of armour.
You have claws for hands.
Your metabolism is lightning-fast.
You like to eat raw meat.
Your natural rate of healing is unusually fast.
You are covered in fur. (AC +1)
You have extremely tough skin. (AC +3)


Message History

The komodo dragon bites you but does no damage.
You barely miss the three-headed hydra.
The three-headed hydra is moderately wounded.
You feel sick.
The three-headed hydra barely misses you.
You riposte.
Your fire dragon scales "Noniur" prevents you from hitting the three-headed hydra.
The three-headed hydra is moderately wounded.
The three-headed hydra bites you!
* * * LOW HITPOINT WARNING * * *
The three-headed hydra bites you but does no damage.
The komodo dragon bites you.
* * * LOW HITPOINT WARNING * * *
A yak comes into view.
The three-headed hydra barely misses you.
The three-headed hydra bites you.
* * * LOW HITPOINT WARNING * * *
The three-headed hydra closely misses you.
The komodo dragon bites you!
You die...

#........ .^..... .#
##.......÷ .........##
###........P
..........###..#........
...........P............
Y...Y.....PPPPP.........
..........PPPPP.........
#...l#P.P≈≈≈P.........
#.FD@.?P≈≈≈P.........
#......P≈≈≈P.........
#P....##.P≈≈≈P.........
.....#. #.P≈≈≈P.........
#.......#.PPPPP.........
#.###P..................
# ##........###..#####
#...........#....#
..............P.###


You could see a three-headed hydra, a komodo dragon, 2 yaks and a spiny frog.

Vanquished Creatures
  A two-headed ogre (D:9)
  Pikel (D:6)
  A black mamba (Lair:1)
  4 spiny frogs
  A komodo dragon (D:9)
  2 efreet (Volcano)
  3 trolls (D:10)
  4 hippogriffs
  7 yaks
  A spriggan (Lair:1)
  7 fire elementals (Volcano)
  A wyvern (Lair:2)
  A basilisk (Lair:1)
  2 hungry ghosts (D:8)
  A porcupine (Lair:1)
  2 black bears
  3 orc warriors
  An ice beast (D:9)
  3 sky beasts
  3 slaves (D:6)
  3 phantoms
  7 ogres
  A necrophage (D:9)
  2 centaurs
  6 bullfrogs
  A gnoll sergeant (D:8)
  A wyvern zombie (D:10)
  3 scorpions
  3 killer bees (D:7)
  2 howler monkeys (D:9)
  5 centaur zombies
  6 crimson imps
  2 quasits (D:10)
  3 hounds
  12 orc wizards
  9 orc priests
  2 bullfrog skeletons (D:9)
  A centaur skeleton (D:7)
  3 iguanas
  2 worker ants (D:6)
  A hound zombie (D:6)
  11 adders
  5 gnolls (D:8)
  A shadow imp (D:10)
  3 oozes
  4 adder skeletons
  A worm (D:3)
  12 dart slugs
  5 leopard geckos
  41 orcs
  A ball python (D:4)
  5 giant cockroaches
  4 hobgoblins
  13 jackals
  3 quokkas
  10 bats
  3 frilled lizards
  11 goblins
  2 jackal zombies
  5 kobolds
  A quokka zombie (D:5)
  6 rats
  A fire vortex (Volcano)
  3 plants (Lair:1)
275 creatures vanquished.

Vanquished Creatures (others)
  A slave (D:6)
  A bullfrog (D:6)
  A plant (D:9)
3 creatures vanquished.

Grand Total: 278 creatures vanquished

Notes
Turn   | Place    | Note
-------+----------+-------------------------------------------
     0 | D:1      | Destapler the Troll Berserker began the quest for the Orb.
     0 | D:1      | Reached XP level 1. HP: 22/22 MP: 0/0
    72 | D:1      | Reached XP level 2. HP: 29/29 MP: 1/1
   284 | D:1      | Reached XP level 3. HP: 36/36 MP: 2/2
   418 | D:1      | Reached ** piety under Trog
   665 | D:2      | Found a radiant altar of Vehumet.
   713 | D:2      | Reached skill level 1 in Throwing
   769 | D:2      | Found a shimmering altar of Xom.
  1226 | D:3      | Reached XP level 4. HP: 45/45 MP: 3/3
  1334 | D:3      | Reached XP level 5. HP: 50/53 MP: 4/4
  1436 | D:3      | Noticed an ogre
  1441 | D:3      | Killed an ogre
  1582 | D:3      | Reached XP level 6. HP: 61/61 MP: 5/5
  1641 | D:4      | Reached *** piety under Trog
  1975 | D:4      | Reached skill level 5 in Unarmed Combat
  2104 | D:4      | Found a staircase to the Ecumenical Temple.
  2143 | D:4      | Reached XP level 7. HP: 61/68 MP: 6/6
  2146 | D:4      | Found Hoxob's Distillery.
  2154 | D:4      | Bought 2 potions of heal wounds for 120 gold pieces
  2154 | D:4      | Bought a potion of degeneration for 12 gold pieces
  2154 | D:4      | Bought a potion of lignification for 36 gold pieces
  2154 | D:4      | Bought a potion of curing for 36 gold pieces
  2486 | D:5      | Entered Level 5 of the Dungeon
  2887 | D:5      | Reached **** piety under Trog
  3238 | D:6      | Noticed Pikel
  3244 | D:6      | Reached skill level 5 in Throwing
  3249 | D:6      | Killed Pikel
  3249 | D:6      | Reached XP level 8. HP: 62/79 MP: 7/7
  3376 | D:6      | Reached skill level 5 in Fighting
  3835 | D:7      | Reached XP level 9. HP: 84/88 MP: 8/8
  4473 | D:8      | Got a warped battleaxe
  4485 | D:7      | Identified the +12 battleaxe "Pynidwyhu" {freeze, rElec
                  | rPois MP-9} (You found it on level 8 of the Dungeon)
  4558 | D:8      | Reached skill level 1 in Axes
  4623 | D:8      | Reached skill level 2 in Axes
  4634 | D:8      | Reached skill level 3 in Axes
  4705 | D:8      | Reached ***** piety under Trog
  4742 | D:8      | Reached skill level 4 in Axes
  4780 | D:8      | Received a gift from Trog
  5062 | D:9      | Reached skill level 5 in Axes
  5104 | D:9      | Reached XP level 10. HP: 90/98 MP: 0/9
  5179 | D:9      | Found a staircase to the Lair.
  5248 | D:9      | Found a staircase to the Orcish Mines.
  5263 | D:9      | Found a snail-covered altar of Cheibriados.
  5326 | D:9      | Found an ancient bone altar of Kikubaaqudgha.
  5364 | D:9      | Reached skill level 6 in Axes
  5426 | D:9      | Reached skill level 1 in Evocations
  5441 | D:9      | HP: 4/98 [orc warrior/+0 halberd (20)]
  5804 | D:9      | Received a gift from Trog
  5855 | D:10     | Entered Level 10 of the Dungeon
  5855 | D:10     | Noticed a two-headed ogre
  5864 | D:9      | Killed a two-headed ogre
  5864 | D:9      | Reached skill level 7 in Axes
  6253 | D:10     | Reached XP level 11. HP: 107/107 MP: 3/12
  6276 | D:10     | Reached skill level 8 in Axes
  6612 | Lair:1   | Entered Level 1 of the Lair of Beasts
  6680 | Lair:1   | Found a dark tunnel.
  6688 | Volcano  | Entered a volcano
  6913 | Volcano  | Got twisted fire dragon scales
  6924 | Volcano  | Identified the +3 fire dragon scales "Noniur" {+Blink rF++
                  | rC- Int+2} (You found it in a volcano)
  7147 | Lair:1   | Reached skill level 9 in Axes
  7475 | Lair:1   | Received a gift from Trog
  7548 | Lair:2   | Noticed a four-headed hydra
  7557 | Lair:2   | HP: 4/109 [three-headed hydra (5)]
  7557 | Lair:2   | Mangled by a komodo dragon

Levels and vault maps discovered:
D:1:      scummos_arrival_simple_crosswalls, layout_rooms, minmay_quantized
D:2:      layout_basic, lemuel_crystal_altar, first_ration, lemuel_statue_altar
D:3:      layout_rooms
D:4:      layout_basic, lemuel_temple_firewalk_a, serial_shops, shop
D:5:      kennysheep_slugbush, layout_basic, minmay_misc_feat_encased
D:6:      layout_rooms, minivault_26, uniq_pikel
D:7:      layout_loops_ring
D:8:      layout_cave_pools, grunt_ogre_cave
D:9:      minmay_blocky_corners, layout_gridville,
          nicolae_overflow_crystal_walls, david_lair_shrubbed, basic_altar
D:10:     layout_long_grid
Lair:1:   layout_hall_layers, enter_volcano_4, wad_woods_03, lemuel_fruit_tree
Lair:2:   lemuel_slime, layout_gridlike, swamp_mist_pool, grunt_megastairs_3,
          infiniplex_staircase_pool

Skill      XL: |  1  2  3  4  5  6  7  8  9 10 11 |
---------------+----------------------------------+-----
Unarmed Combat | 4 5 6 7 |  7.5
Throwing       | 1 2 3 4 6 7 8 |  8.0
Fighting       | 3 4 5 6 7 |  7.6
Axes           | 5 7 9 |  9.3
Evocations     | 3 4 |  4.3
Dodging        | |  2.4

Action                   |  1- 3 |  4- 6 |  7- 9 | 10-12 || total
-------------------------+-------+-------+-------+-------++-------
Melee: Unarmed           |   134 |    91 |   248 |       ||   473
       Punch             |     1 |       |     3 |       ||     4
       Battleaxe         |       |       |    49 |   179 ||   228
       Scimitar          |       |       |       |     2 ||     2
Throw: Dart              |       |     4 |       |    15 ||    19
       Stone             |       |       |     9 |     1 ||    10
       Throwing net      |       |       |     1 |       ||     1
Invok: Trog's Hand       |       |       |     2 |     6 ||     8
       Berserk           |       |       |     1 |     3 ||     4
  Use: Potion            |       |       |     3 |     2 ||     5
       Scroll            |       |       |       |    16 ||    16
 Stab: Distracted        |       |       |     3 |       ||     3
  Eat: Chunk             |    15 |    10 |    45 |    18 ||    88
       Ration            |       |       |       |     1 ||     1
Armor: Animal skin       |    73 |    27 |   130 |    24 ||   254
       Troll leather arm |       |       |       |    58 ||    58
       Fire dragon scale |       |       |       |    20 ||    20
Dodge: Dodged            |    94 |    42 |   209 |   138 ||   483
       Rpst.: Scimitar   |       |       |       |     2 ||     2
